 Dungeon Sprint DCSS version 0.27.1-35-g4d5d836560 (webtiles) character file.

Game seed: 7480723581081584468

0 unlimited1921 the Firebug (level 1, 0/16 HPs)
             Began as an Ogre Fire Elementalist on May 2, 2022.
             Slain by Sonja (6 damage)
             ... in the Dungeon (Sprint I: "Red Sonja").
             The game lasted 00:02:40 (63 turns).

unlimited1921 the Firebug (Ogre Fire Elementalist)    Turns: 63, Time: 00:02:40

Health: 0/16       AC:  0    Str: 11    XL:     1   Next: 0%
Magic:  1/3        EV: 18    Int: 16    God:
Gold:   0          SH:  0    Dex: 14    Spells: 3/4 levels left

rFire    . . .     SeeInvis .   (weapon currently unavailable)
rCold    . . .     Faith    .   (shield currently unavailable)
rNeg     . . .     Spirit   .   (armour currently unavailable)
rPois    .         Reflect  .   (helmet currently unavailable)
rElec    .         Harm     .   (cloak currently unavailable)
rCorr    .         Rampage  .   (gloves unavailable)
Will     .....     NoTele   +   (boots unavailable)
Stlth    ++........             (no amulet)
HPRegen  0.05/turn              (ring currently unavailable)
MPRegen  0.08/turn              (ring currently unavailable)

@: bat-form, flying, hasted, very quick
A: fast, flying, no casting, tiny, unfitting armour, (tough skin 1)
a: no special abilities


You were in the Dungeon.
You were a bat.
You visited 1 branch

Inventory:

Missiles
 c - 13 poisoned darts
Armour
 a - a +0 robe (melded)
Scrolls
 d - a scroll of amnesia {unknown}
 g - a scroll of blinking
Potions
 b - a potion of curing
 e - 2 potions of magic
 f - a potion of berserk rage


   Skills:
 + Level 1.7 Dodging
 + Level 1.4 Stealth
 + Level 2.4 Spellcasting
 + Level 0.8 Conjurations
 + Level 2.6 Fire Magic


You had 3 spell levels left.
You knew the following spells:

 Your Spells              Type           Power      Damage    Failure   Level
a - Foxfire               Conj/Fire      28%        2x1d5     10%         1

Your spell library contained the following spells:

 Spells                   Type           Power      Damage    Failure   Level
 Conjure Flame            Conj/Fire      7%         6-21      28%         3
 Inner Flame              Hex/Fire       6%         N/A       34%         3
 Sticky Flame             Conj/Fire      7%         2d3       67%         4
 Fireball                 Conj/Fire      3%         3d4       95%         5


Dungeon Overview and Level Annotations

Branches:
Dungeon (1/1)

Altars:
Makhleb
Sif Muna
Vehumet
Wu Jian
Xom
Jiyva
Lugonu

Annotations:
D Ijyb, Sigmund, Sonja


Innate Abilities, Weirdness & Mutations

You are a bat.
You are tiny and dextrous.
You move quickly.
You are flying.
Your equipment is almost entirely melded.
You are incapable of wielding weapons or throwing items.
You cannot cast spells.
You are too large for most types of armour.
((You have tough skin. (AC +1)))


Message History

The slime creature quivers.
Sigmund says, "You will soon forget everything."
Found four altars.
You reach down and open the door.
An arrow hits the slime creature!
Found 13 poisoned darts and a scroll labelled ETZEAPNEWI.
Found two altars.
A jelly comes into view.
Sigmund closely misses you.
There is an open door here.
Found a radiant altar of Vehumet.
You see here 13 poisoned darts.
c - 13 poisoned darts The jelly quivers.
You see here a scroll labelled ETZEAPNEWI.
d - a scroll labelled ETZEAPNEWI You reach down and open the door.
The jelly hits you.
You are splashed with acid!
Ouch! That really hurt!
Found a leather armour.
A centaur warrior comes into view.
The centaur warrior moves out of view.
You reach down and open the door.
The jelly closely misses you.
Found 2 scrolls labelled ONODYH VIAWN.
You reach down and open the door.
Sonja, the Graceful Assassin comes into view.
She is wielding a +2 short sword of venom and quivering curare-tipped darts.
Found 108 gold pieces.
There is an open door here.
Unknown command.
Sonja shouts!
Sonja closely misses you. x2; Sonja barely misses you.
You see here 27 gold pieces.
You reach down and open the door.
A deep troll comes into view.
The deep troll shouts!
Sonja barely misses you. Sonja closely misses you. Sonja barely misses you.
Found 108 gold pieces.
You see here 27 gold pieces.
Sonja barely misses you.
Sonja hits you with a +2 short sword of venom.
You die...

#..# ####
##@#≈§§§
#..#
#+#_.§≈≈§
#⌠⌠#
+..@_#≈≈§.c#
#### #_J#'#
+#### ##J#?#
##.####+###
+$.$'$T.$$+
#$K$#######
##b## #+#


You could see a slime creature, Sigmund, Sonja and a jelly.

Vanquished Creatures (others)
  7 foxfires (D)
7 creatures vanquished.

Notes
Turn   | Place    | Note
-------+----------+-------------------------------------------
     0 | D        | unlimited1921 the Ogre Fire Elementalist began the quest
                  | for the Orb.
     0 | D        | Reached XP level 1. HP: 16/16 MP: 3/3
     1 | D        | Noticed Ijyb
    28 | D        | Noticed an ogre
    36 | D        | Noticed Sigmund
    45 | D        | Found a burning altar of Makhleb.
    45 | D        | Found a viscous altar of Jiyva.
    45 | D        | Found a shimmering altar of Xom.
    45 | D        | Found a corrupted altar of Lugonu.
    45 | D        | Noticed a slime creature
    46 | D        | Found an ornate altar of the Wu Jian Council.
    46 | D        | Found a shimmering blue altar of Sif Muna.
    47 | D        | Noticed a jelly
    48 | D        | Found a radiant altar of Vehumet.
    54 | D        | Noticed a centaur warrior
    57 | D        | Noticed Sonja
    61 | D        | Noticed a deep troll
    63 | D        | Slain by Sonja

Illustrated notes

Levels and vault maps discovered:
D:        dungeon_sprint_1 [red_sonja_temple_1, red_sonja_temple_small_1]

Action                   || total
-------------------------++-------
 Cast: Foxfire           ||     5
  Use: Potion            ||     2
Armor: Skin              ||     3
       Robe              ||     1
Dodge: Dodged            ||    17
